[Event "Titled Tuesday Blitz April 4 Late 2023"]
[White "Vakhlamov, Igor L."]
[Black "TimGrutter03"]
[WhiteFideId "24126748"]
[WhiteElo "2400"]
[BlackElo "2592"]
[Result "1-0"]
[Round "08"]
[TimeControl "180+2"]
[Date "2023.04.04"]
[WhiteClock "0:00:15"]
[BlackClock "0:00:02"]

1. e4 g6 2. d4 Bg7 3. Nf3 d6 4. Bc4 c6 5. Bb3 a5 6. a4 Nf6 7. Nbd2 O-O 8. O-O Nbd7 9. Re1 e5 10. Nc4 Qc7 11. c3 b5 12. dxe5 dxe5 13. Nd6 Nc5 14. Nxc8 Raxc8 15. axb5 cxb5 16. Bc2 Rfd8 17. Qe2 Qb6 18. Be3 a4 19. Nxe5 Qb8 20. Bd4 Ne6 21. Nf3 Nxd4 22. Nxd4 b4 23. Bxa4 bxc3 24. bxc3 Qc7 25. Rac1 Ra8 26. Bb3 Re8 27. Qd3 Rad8 28. h3 Nd7 29. Nb5 Qb8 30. Bd5 Nc5 31. Qc4 Ne6 32. Nd4 Bxd4 33. cxd4 Rc8 34. Qa4 Rxc1 35. Rxc1 Rc8 36. Rd1 Nf4 37. Qb3 Qc7 38. Kh1 Rd8 39. Bc4 Rb8 40. Qa2 Rc8 41. Bf1 Rd8 42. Kg1 Ne6 43. d5 Nc5 44. Rc1 Qd6 45. f3 Nd7 46. Qf2 Ne5 47. Qc5 Qd7 48. Qc7 Qe8 49. Rb1 Rc8 50. Qb7 Qd8 51. Qb6 Nd7 52. Qxd8+ Rxd8 53. Rc1 Kf8 54. Kf2 Ke7 55. f4 Ra8 56. Rc2 Ra4 57. Bd3 Rd4 58. Ke3 Ra4 59. g4 f6 60. Rc7 Ra3 61. Kd4 Kd6 62. Rc6+ Ke7 63. Re6+ Kf7 64. h4 h6 65. h5 gxh5 66. gxh5 Ra4+ 67. Ke3 Ra3 68. Rc6 Rb3 69. Kd4 Rb4+ 70. Bc4 Rb1 71. e5 fxe5+ 72. fxe5 Rd1+ 73. Bd3 Nxe5 74. Kxe5 Rxd3 75. Rxh6 1-0


[Site "https://www.chess.com"]

[Event "Titled Tuesday Blitz April 4 Late 2023"]
[White "Przybylski, Wojciech"]
[Black "Rustemov, Alexander"]
[WhiteFideId "1117599"]
[BlackFideId "4119002"]
[WhiteElo "2222"]
[BlackElo "2851"]
[Result "1/2-1/2"]
[Round "08"]
[TimeControl "180+2"]
[Date "2023.04.04"]
[WhiteClock "0:00:04"]
[BlackClock "0:00:38"]

1. e4 e6 2. d4 d5 3. Nc3 dxe4 4. Nxe4 Bd7 5. Nf3 Bc6 6. Bd3 Nd7 7. O-O Ngf6 8. Ned2 Be7 9. Re1 O-O 10. Nc4 Bd5 11. Nce5 c5 12. Be3 Rc8 13. c3 cxd4 14. Bxd4 Bc5 15. Bb5 Nxe5 16. Nxe5 Qb6 17. Bxc5 Rxc5 18. Bf1 Qxb2 19. Nd3 Qa3 20. Nxc5 Qxc5 21. Qd4 Rc8 22. Qxc5 Rxc5 23. c4 Bc6 24. Red1 Kf8 25. Rd8+ Ke7 26. Ra8 Ra5 27. f3 Ra3 28. Rh8 h5 29. Kf2 g6 30. h4 Nd7 31. Rc8 Nc5 32. Kg3 Nb3 33. Rd1 Rxa2 34. Kf4 Kf6 35. Rc7 Nc5 36. Kg3 a5 37. Bd3 a4 38. Be4 Nxe4+ 39. fxe4 Bxe4 40. Rf1+ Bf5 41. Rxb7 Rc2 42. Rb4 a3 43. Ra4 Rc3+ 44. Kh2 e5 45. Ra1 Be6 46. R1xa3 Rc2 47. Rf3+ Kg7 48. Re3 Kf6 49. Rf3+ Ke7 50. Re3 Kf6 51. Rf3+ 1/2-1/2


[Site "https://www.chess.com"]

[Event "Titled Tuesday Blitz April 4 Late 2023"]
[White "Sieciechowicz, Marcin"]
[Black "Makhnev, Denis"]
[WhiteFideId "1130170"]
[BlackFideId "13707647"]
[WhiteElo "2302"]
[BlackElo "2515"]
[Result "0-1"]
[Round "08"]
[TimeControl "180+2"]
[Date "2023.04.04"]
[WhiteClock "0:00:14"]
[BlackClock "0:01:07"]

1. d4 Nf6 2. c4 e6 3. Nc3 Bb4 4. Qc2 d5 5. cxd5 Qxd5 6. Nf3 Qf5 7. Qxf5 exf5 8. Bd2 c6 9. g3 O-O 10. Bg2 Re8 11. e3 Be6 12. a3 Bxc3 13. Bxc3 Bd5 14. O-O Nbd7 15. Rac1 a5 16. Rfd1 a4 17. Ne1 Bb3 18. Rd2 Ne4 19. Bxe4 fxe4 20. Nc2 Nb6 21. Na1 Bd5 22. Re2 Re6 23. Bb4 Nc4 24. Rec2 b5 25. Re2 h5 26. h4 Kh7 27. Kh2 f6 28. Bc3 g5 29. Rg1 Rg8 30. Nc2 Ree8 31. Nb4 gxh4 32. gxh4 Rxg1 33. Kxg1 Rg8+ 34. Kh2 Rg4 35. Kh3 Rg1 36. Kh2 Rc1 37. Na2 Rb1 38. Nb4 Kg6 39. Kg2 Kf5 40. Na6 Kg4 41. Nb8 f5 42. Nd7 f4 0-1


[Site "https://www.chess.com"]

[Event "Titled Tuesday Blitz April 4 Late 2023"]
[White "Hansen, Eric"]
[Black "Martins, Bruno Andre Leite"]
[WhiteFideId "2606771"]
[BlackFideId "1942255"]
[WhiteElo "2561"]
[BlackElo "2240"]
[Result "1-0"]
[Round "08"]
[TimeControl "180+2"]
[Date "2023.04.04"]
[WhiteClock "0:00:51"]
[BlackClock "0:00:12"]

1. d4 Nf6 2. c4 g6 3. Nc3 Bg7 4. Bg5 h6 5. Bh4 O-O 6. Rc1 d6 7. e3 c5 8. d5 Bf5 9. Nge2 Na6 10. Ng3 Bd7 11. f4 Nc7 12. Be2 a6 13. b3 b5 14. O-O b4 15. Nce4 Nxe4 16. Nxe4 Bf5 17. Bd3 Ne8 18. g4 Bd7 19. g5 hxg5 20. fxg5 Bf5 21. Rxf5 gxf5 22. Ng3 e6 23. Qh5 Qd7 24. Rf1 Be5 25. Nxf5 exf5 26. Bxf5 Qxf5 27. Rxf5 Ng7 28. Qf3 Nxf5 29. Qxf5 Kg7 30. Bg3 Bxg3 31. Qf6+ Kg8 32. hxg3 Rad8 33. Kg2 Rfe8 34. Kf3 Rd7 35. g6 fxg6 36. Qxg6+ Kf8 37. e4 Rf7+ 38. Ke3 Ke7 39. Qe6+ 1-0


[Site "https://www.chess.com"]

[Event "Titled Tuesday Blitz April 4 Late 2023"]
[White "Timofeev, Artyom"]
[Black "cryptoguru02"]
[WhiteFideId "4140419"]
[WhiteElo "2586"]
[BlackElo "2610"]
[Result "0-1"]
[Round "08"]
[TimeControl "180+2"]
[Date "2023.04.04"]
[WhiteClock "0:00:04"]
[BlackClock "0:00:06"]

1. c4 g6 2. Nc3 Bg7 3. e4 d6 4. g3 e5 5. Bg2 Ne7 6. Nge2 O-O 7. O-O f5 8. d3 Nbc6 9. f4 fxe4 10. Nxe4 h6 11. h3 d5 12. cxd5 Nxd5 13. Qb3 Kh8 14. Nc5 Nb6 15. Kh2 Kh7 16. Be4 Qe7 17. Be3 Nd4 18. Bxd4 exd4 19. Qc2 c6 20. Rae1 Qf7 21. Qb3 Nd5 22. Bxd5 cxd5 23. Qb4 b6 24. Nb3 Qf5 25. Ng1 Qxd3 26. Rf2 Rf7 27. Nf3 Qf5 28. Ng1 d3 29. Nd4 Qf6 30. Ndf3 Bf5 31. Ne5 Rc7 32. Ngf3 Be4 33. Nd2 Bf5 34. Qb3 Rc2 35. Nxd3 Bxd3 36. Qxd3 Qxb2 37. Ree2 Rac8 38. Qxd5 Qxa2 39. Qd7 Qg8 40. Re7 Qf8 41. Qxa7 b5 42. Ne4 Rxf2+ 43. Nxf2 Rc2 44. Kg2 Qf6 45. Rb7 b4 46. Rxb4 Qc6+ 47. Kg1 Rc1+ 48. Kh2 Rc2 49. Kg1 h5 50. Rb7 Qf6 51. Kg2 Kh6 52. h4 Qc6+ 53. Kh3 Qf6 54. Kg2 Qc6+ 55. Kg1 Qf6 56. Rc7 Rxc7 57. Qxc7 Qa1+ 58. Kg2 Qd4 59. Qc6 Bf6 60. Qe4 Qd2 61. Qe6 Bd4 62. Qe7 Qxf2+ 63. Kh3 Qf1+ 64. Kh2 Bg1+ 65. Kh1 Bf2+ 66. Kh2 Qg1+ 67. Kh3 Qxg3# 0-1


[Site "https://www.chess.com"]

[Event "Titled Tuesday Blitz April 4 Late 2023"]
[White "Szpar, Milosz"]
[Black "Srinath, Rao S.V."]
[WhiteFideId "1184989"]
[BlackFideId "5028876"]
[WhiteElo "2436"]
[BlackElo "2196"]
[Result "1-0"]
[Round "08"]
[TimeControl "180+2"]
[Date "2023.04.04"]
[WhiteClock "0:00:13"]
[BlackClock "0:00:20"]

1. e4 e6 2. d4 d5 3. Nc3 Nf6 4. Bg5 dxe4 5. Nxe4 Be7 6. Bxf6 Bxf6 7. Nf3 Bd7 8. Bd3 Bc6 9. c3 Nd7 10. Qe2 O-O 11. h4 h6 12. g4 g6 13. g5 hxg5 14. hxg5 Bg7 15. O-O-O Qe7 16. Bc2 b5 17. Qf1 Rfb8 18. Qh3 b4 19. c4 a5 20. d5 exd5 21. cxd5 Bb5 22. Qh7+ Kf8 23. Rhe1 Ne5 24. Nf6 Bxf6 25. gxf6 Qxf6 26. Nxe5 Re8 27. Bxg6 Rxe5 28. Rxe5 fxg6 29. Qh6+ Kf7 30. Rde1 Re8 31. Qh7+ Kf8 32. Qh6+ Kf7 33. Rxe8 Bxe8 34. Re6 Qd4 35. Qh7+ Kf8 36. Qe7+ Kg8 37. Qxe8+ Kh7 38. Qxg6+ Kh8 39. Re8# 1-0


[Site "https://www.chess.com"]

[Event "Titled Tuesday Blitz April 4 Late 2023"]
[White "Gontcharov, Vladislav"]
[Black "Goltsev, Dmitry"]
[WhiteFideId "4123492"]
[BlackFideId "24176710"]
[WhiteElo "2420"]
[BlackElo "2336"]
[Result "0-1"]
[Round "08"]
[TimeControl "180+2"]
[Date "2023.04.04"]
[WhiteClock "0:00:01"]
[BlackClock "0:00:34"]

1. d4 Nf6 2. c4 e6 3. Nc3 Bb4 4. e3 b6 5. Bd3 Bb7 6. Nf3 O-O 7. O-O Bxc3 8. bxc3 d6 9. Re1 Nbd7 10. e4 e5 11. h3 Re8 12. Qc2 a5 13. a4 h6 14. Rb1 Qe7 15. Ba3 Nh5 16. g3 f5 17. dxe5 Nxe5 18. Nxe5 Qxe5 19. Rb5 Qe6 20. e5 dxe5 21. Bxf5 Qxc4 22. Be4 Bxe4 23. Rxe4 Qc6 24. Rg4 Nf6 25. Qg6 Qd7 26. Rc4 Rad8 27. Rb1 c5 28. Rxb6 Qd1+ 29. Kg2 Qd5+ 30. Kh2 Qxc4 31. Rxf6 Rf8 32. Rxf8+ Rxf8 33. Qc2 e4 34. Bc1 Qd3 35. Qa2+ c4 36. Be3 Qxc3 37. Qb1 Qd3 38. Qb6 c3 39. Qe6+ Kh8 40. Qe7 Rg8 41. Qc5 c2 42. Bd4 Qd2 0-1


[Site "https://www.chess.com"]

[Event "Titled Tuesday Blitz April 4 Late 2023"]
[White "Papasimakopoulos, Alexandros"]
[Black "Bruedigam, Martin"]
[WhiteFideId "4244125"]
[BlackFideId "24608033"]
[WhiteElo "2359"]
[BlackElo "2331"]
[Result "1-0"]
[Round "08"]
[TimeControl "180+2"]
[Date "2023.04.04"]
[WhiteClock "0:00:46"]
[BlackClock "0:00:01"]

1. d4 Nf6 2. c4 e6 3. Nc3 d5 4. cxd5 exd5 5. Bg5 Be7 6. e3 h6 7. Bh4 O-O 8. Bd3 c6 9. Qc2 Nbd7 10. Nf3 Re8 11. O-O Ne4 12. Bxe7 Qxe7 13. Bxe4 dxe4 14. Nd2 Nf6 15. Ne2 Bg4 16. Nc4 Rad8 17. Rab1 h5 18. b4 a6 19. Ne5 Nd7 20. Nxg4 hxg4 21. Rfc1 Qh4 22. a4 Re6 23. Ng3 Rh6 24. Nf1 Nf6 25. b5 axb5 26. axb5 Rd6 27. bxc6 bxc6 28. Rb8+ Kh7 29. Ra1 Kg6 30. Rc8 Rh5 31. Rxc6 Rxc6 32. Qxc6 Kh7 33. Qb7 g3 34. fxg3 Qg4 35. Qxf7 Rf5 36. Qa2 Nd5 37. h3 Qg6 38. g4 Rg5 39. Qf2 Qd6 40. Ra7 Rg6 41. Qf5 Nc3 42. Ra8 Ne2+ 43. Kf2 1-0


[Site "https://www.chess.com"]

[Event "Titled Tuesday Blitz April 4 Late 2023"]
[White "Goltseva, Ekaterina"]
[Black "tuschessCM1"]
[WhiteFideId "24173770"]
[WhiteElo "2200"]
[BlackElo "2738"]
[Result "0-1"]
[Round "08"]
[TimeControl "180+2"]
[Date "2023.04.04"]
[WhiteClock "0:00:03"]
[BlackClock "0:00:07"]

1. d4 Nf6 2. c4 g6 3. Nc3 Bg7 4. e4 d6 5. Nge2 O-O 6. Ng3 h5 7. Be2 a5 8. Bg5 Nh7 9. Be3 Na6 10. Qd2 e5 11. d5 h4 12. Nf1 f5 13. exf5 gxf5 14. f4 e4 15. Bd4 Nf6 16. O-O-O b6 17. Ne3 Nc5 18. Rdg1 Kh7 19. g4 fxg4 20. Nxg4 Bxg4 21. Bxg4 Nxg4 22. Bxg7 Kxg7 23. Rxg4+ Kf7 24. Rhg1 Qf6 25. Qg2 Ke8 26. Nxe4 Nd3+ 27. Kb1 Qd4 28. Rg7 Kd8 29. Rd1 Kc8 30. Ng5 Qxg7 31. Qh3+ Kb7 32. Qxd3 Rf6 33. Qb3 Qg6+ 34. Ka1 Rxf4 35. Qb5 Qxg5 36. Qc6+ Kb8 37. Qe8+ Ka7 38. Qc6 Qe7 39. a4 Rb8 40. Rd3 Qe8 0-1


[Site "https://www.chess.com"]

[Event "Titled Tuesday Blitz April 4 Late 2023"]
[White "Maksimovic, Bojan"]
[Black "Hansen, Sune Berg"]
[WhiteFideId "14408120"]
[BlackFideId "1400266"]
[WhiteElo "2468"]
[BlackElo "2712"]
[Result "1-0"]
[Round "08"]
[TimeControl "180+2"]
[Date "2023.04.04"]
[WhiteClock "0:01:19"]
[BlackClock "0:00:19"]

1. a3 e5 2. c4 g6 3. b4 Bg7 4. Bb2 d6 5. g3 f5 6. Bg2 Nf6 7. e3 O-O 8. d3 Nc6 9. Ne2 Ne7 10. Nbc3 c6 11. O-O d5 12. cxd5 cxd5 13. Nb5 a6 14. Nbc3 b6 15. Rc1 Bb7 16. b5 a5 17. d4 e4 18. Na4 Qd6 19. Qd2 Rfc8 20. Rxc8+ Rxc8 21. Rc1 Rxc1+ 22. Qxc1 Nd7 23. Nac3 Bf8 24. a4 Nc8 25. Nf4 Nf6 26. h4 Qc7 27. Bf1 Bb4 28. Nxe4 Qxc1 29. Nxf6+ Kf7 30. Bxc1 Kxf6 31. Bg2 Ne7 32. Nd3 Bd6 33. Kf1 h6 34. Ke2 g5 35. hxg5+ hxg5 36. Kd2 Bc8 37. Kc3 Kg6 38. Bf3 Be6 39. Kb3 Kf6 40. Ba3 Bxa3 41. Kxa3 Nc8 42. Kb3 Nd6 43. Ne5 Nc8 44. Kc3 Nd6 45. Bg2 Nc8 46. Bf1 Nd6 47. Bd3 Nc8 48. Kd2 Nd6 49. f3 g4 50. Ke2 Kg5 51. Kf2 Bc8 52. Be2 Be6 53. Nc6 Bd7 54. Bf1 gxf3 55. Kxf3 Ne4 56. Ne5 Be8 57. Kg2 Bh5 58. Nd7 Nd2 59. Nxb6 Bf3+ 60. Kf2 Bd1 61. Bd3 1-0


[Site "https://www.chess.com"]

[Event "Titled Tuesday Blitz April 4 Late 2023"]
[White "Pakleza, Zbigniew"]
[Black "Moral Garcia, Serafin"]
[WhiteFideId "1119290"]
[BlackFideId "2201925"]
[WhiteElo "2410"]
[BlackElo "2274"]
[Result "1/2-1/2"]
[Round "08"]
[TimeControl "180+2"]
[Date "2023.04.04"]
[WhiteClock "0:00:16"]
[BlackClock "0:00:15"]

1. a3 Nf6 2. d4 b6 3. Nf3 Bb7 4. Bf4 e6 5. e3 c5 6. Nbd2 Be7 7. h3 O-O 8. Bd3 d5 9. O-O Nc6 10. c3 Bd6 11. Qe2 Re8 12. Ne5 Qc7 13. Ndf3 Bxe5 14. Nxe5 Nxe5 15. Bxe5 Qe7 16. Rad1 Nd7 17. Bh2 e5 18. Bb5 exd4 19. cxd4 c4 20. Qf3 a6 21. Bxc4 dxc4 22. Qxb7 b5 23. e4 Qe6 24. d5 Qe7 25. Rfe1 Ne5 26. Qxe7 Rxe7 27. Bxe5 Rxe5 28. f4 Ree8 29. e5 Kf8 30. d6 Red8 31. f5 Ra7 32. e6 Ke8 33. g4 a5 34. Re4 fxe6 35. fxe6 Ra6 36. Red4 b4 37. axb4 axb4 38. Rxc4 Raxd6 39. Rxd6 Rxd6 40. Rxb4 Rxe6 41. Kf2 Kf7 42. Rb7+ Kf6 43. b4 Rc6 44. Kg3 Rc3+ 45. Kg2 Rb3 46. b5 Kg6 47. b6 h5 48. gxh5+ Kxh5 49. Rb8 Kg6 50. Kh2 Kh7 51. h4 Kg6 52. Kg2 Kh5 53. b7 Kg6 54. Kf2 Kh7 55. h5 Rb5 56. Ke3 Rb3+ 57. Kd4 Rb1 58. Kc5 Rb2 59. Kd6 Rb1 60. Ke6 Rb2 61. Kd7 Rb1 62. Kc7 Rc1+ 63. Kd6 Rb1 64. Ke5 Rb2 65. Kd4 Rb1 66. Kc3 Rb6 67. Kc4 Rb1 68. Kc5 Rb2 69. Kd5 Rb1 70. Kc6 Rc1+ 71. Kd6 Rd1+ 72. Ke6 Rb1 73. Kf7 Rf1+ 74. Ke7 Rb1 75. Kd7 Rb2 76. Ke6 Rb1 77. Kf5 Rf1+ 78. Kg4 Rb1 79. Kf3 Rb2 80. Ke4 Rb1 81. Kd3 Rb6 82. Kc2 Rb5 83. Kc3 Rb6 84. Kc4 Rb1 85. Kd5 Rb2 86. Kc5 Rb1 87. Kc6 Rc1+ 88. Kd6 1/2-1/2


[Site "https://www.chess.com"]

[Event "Titled Tuesday Blitz April 4 Late 2023"]
[White "Omelja, Artem"]
[Black "Bilych, Olexiy"]
[WhiteFideId "14119846"]
[BlackFideId "14156504"]
[WhiteElo "2404"]
[BlackElo "2320"]
[Result "0-1"]
[Round "08"]
[TimeControl "180+2"]
[Date "2023.04.04"]
[WhiteClock "0:00:09"]
[BlackClock "0:00:15"]

1. e4 g6 2. d4 Bg7 3. Nc3 c6 4. g3 d5 5. exd5 cxd5 6. Bg2 Nf6 7. Nge2 O-O 8. O-O Nc6 9. h3 e6 10. a3 a6 11. Bf4 b5 12. Qd2 Re8 13. Rfe1 Bb7 14. Nc1 Na5 15. b3 Rc8 16. Nd3 Ne4 17. Nxe4 dxe4 18. Ne5 e3 19. Bxe3 Bxg2 20. Kxg2 Qd5+ 21. Nf3 Nb7 22. Bf4 Red8 23. Rad1 Qc6 24. Re2 Rxd4 25. Qe1 Rcd8 26. Red2 Rxd2 27. Rxd2 Rd5 28. Rxd5 Qxd5 29. Qd2 Bf8 30. Qxd5 exd5 31. Bc1 Na5 32. Bb2 Nc6 33. Kf1 Bc5 34. Ke2 f5 35. Ne1 Kf7 36. Nd3 Bd6 37. Kf3 Ke6 38. Nf4+ Bxf4 39. Kxf4 Nd8 40. h4 Nf7 41. f3 h6 42. Ke3 g5 43. hxg5 hxg5 44. Ba1 Nd8 45. Bb2 Nc6 46. Ba1 a5 47. Bb2 a4 48. Bc3 b4 49. Bb2 d4+ 50. Kd3 axb3 51. cxb3 bxa3 52. Bxa3 Kd5 53. f4 g4 54. b4 Na7 55. Bb2 Nb5 56. Ba1 Nd6 57. Bxd4 Ne4 58. b5 Nxg3 59. Kc3 Ne2+ 0-1


[Site "https://www.chess.com"]

[Event "Titled Tuesday Blitz April 4 Late 2023"]
[White "Ortega Amarelle, Mariano"]
[Black "Bolourchifard, Farzad"]
[WhiteFideId "3504301"]
[BlackFideId "12510084"]
[WhiteElo "2406"]
[BlackElo "2317"]
[Result "0-1"]
[Round "08"]
[TimeControl "180+2"]
[Date "2023.04.04"]
[WhiteClock "0:00:10"]
[BlackClock "0:00:20"]

1. e4 e5 2. Nf3 Nc6 3. Nc3 Nf6 4. d4 exd4 5. Nxd4 Bb4 6. Nxc6 bxc6 7. Bd3 d5 8. exd5 cxd5 9. O-O O-O 10. Bg5 c6 11. Qf3 Bd6 12. h3 Rb8 13. b3 Be5 14. Bd2 h6 15. Rae1 Bd6 16. Bf4 Be6 17. Na4 c5 18. Rd1 Re8 19. Rfe1 Qc7 20. Bxd6 Qxd6 21. c4 d4 22. Qg3 Qxg3 23. fxg3 Rbc8 24. g4 Bd7 25. Nb2 Bc6 26. Bf5 Rcd8 27. Kf2 Be4 28. Nd3 Bxd3 29. Bxd3 a5 30. Rxe8+ Rxe8 31. Re1 Rxe1 32. Kxe1 Kf8 33. Kd2 Ke7 34. a3 Kd6 35. Bf5 g6 36. Bd3 Ke5 37. g3 Ne4+ 38. Bxe4 Kxe4 39. Ke2 f6 40. h4 h5 41. gxh5 gxh5 42. Kd2 f5 43. Ke2 d3+ 44. Kd2 Kd4 45. a4 Ke4 46. Ke1 Ke3 47. Kd1 Ke4 48. Kd2 Kd4 49. Ke1 Kc3 50. Kd1 Kxb3 51. Kd2 Kxc4 52. Ke3 Kc3 53. Kf4 d2 54. Kxf5 d1=Q 55. Kg5 Qg4+ 0-1


[Site "https://www.chess.com"]

[Event "Titled Tuesday Blitz April 4 Late 2023"]
[White "Adewumi, Tanitoluwa"]
[Black "Jimenez Almeida, Luis David"]
[WhiteFideId "30966396"]
[BlackFideId "22242244"]
[WhiteElo "2709"]
[BlackElo "2245"]
[Result "0-1"]
[Round "08"]
[TimeControl "180+2"]
[Date "2023.04.04"]
[WhiteClock "0:01:24"]
[BlackClock "0:01:20"]

1. e4 c6 2. d4 Na6 3. Bf4 d6 4. Nc3 Nc7 5. Bc4 g6 6. Nf3 Bg7 7. d5 Nf6 8. dxc6 bxc6 9. e5 Nfd5 10. exd6 Nxf4 11. dxc7 Qxc7 12. O-O O-O 13. g3 Ne6 14. Re1 Rb8 15. Qc1 h6 16. Rb1 Rd8 17. Qe3 Qa5 18. Rbd1 Rxb2 19. Rxd8+ Qxd8 20. Ne5 Bxe5 0-1


[Site "https://www.chess.com"]

[Event "Titled Tuesday Blitz April 4 Late 2023"]
[White "Jaracz, Pawel"]
[Black "Francisco Guecamburu, Candela Be"]
[WhiteFideId "1102222"]
[BlackFideId "160911"]
[WhiteElo "2438"]
[BlackElo "2326"]
[Result "1-0"]
[Round "08"]
[TimeControl "180+2"]
[Date "2023.04.04"]
[WhiteClock "0:00:05"]
[BlackClock "0:00:06"]

1. d4 Nf6 2. Nf3 d5 3. Bf4 c5 4. e3 Nc6 5. c3 Qb6 6. Qc1 Bf5 7. Nbd2 h6 8. Be2 e6 9. O-O Be7 10. Ne5 O-O 11. h3 Rac8 12. Nb3 cxd4 13. exd4 a5 14. Nxc6 Rxc6 15. Nd2 Nd7 16. Nf3 a4 17. a3 Qa5 18. Qd2 Be4 19. Rae1 Bxf3 20. Bxf3 Nb6 21. Be2 Bf6 22. Bd3 Nc4 23. Qe2 Qb6 24. Rb1 Qd8 25. g3 Bg5 26. Bxg5 Qxg5 27. Kg2 h5 28. f4 Qh6 29. g4 g6 30. Kg3 f5 31. Bxc4 dxc4 32. g5 Qg7 33. Rfe1 Qd7 34. Qf1 Ra8 35. Re5 Raa6 36. Rbe1 Rab6 37. R1e2 Rd6 38. Rd2 Rbc6 39. Qd1 Kf7 40. Qxa4 Rd5 41. Rde2 Qc7 42. Qa8 Rd8 43. Qa4 Rd5 44. Rxd5 exd5 45. Qb5 Rd6 46. Re5 Qd7 47. Qc5 b6 48. Qb4 Rc6 49. a4 Rd6 50. h4 Rc6 51. Kf3 Rd6 52. Ke3 Re6 53. Qb5 Qxb5 54. axb5 Rd6 55. Kd2 Rd7 56. Kc2 Rd8 57. b3 cxb3+ 58. Kxb3 Rd7 59. c4 dxc4+ 60. Kxc4 Rc7+ 61. Kd5 Rd7+ 62. Kc6 Rxd4 63. Kxb6 Rxf4 64. Kc6 Rxh4 65. b6 Rc4+ 66. Rc5 Rb4 67. Rb5 Rc4+ 68. Kd5 Rc8 69. b7 Rb8 70. Kd6 f4 71. Rb4 Rd8+ 72. Kc7 Re8 73. Rxf4+ Kg7 74. b8=Q Rxb8 75. Kxb8 Kg8 76. Kc7 Kg7 77. Kd6 h4 78. Rxh4 1-0


[Site "https://www.chess.com"]

[Event "Titled Tuesday Blitz April 4 Late 2023"]
[White "Skvortsov, Andrei"]
[Black "koncheto"]
[WhiteFideId "24108600"]
[WhiteElo "2259"]
[BlackElo "2541"]
[Result "0-1"]
[Round "08"]
[TimeControl "180+2"]
[Date "2023.04.04"]
[WhiteClock "0:00:17"]
[BlackClock "0:00:07"]

1. d4 Nf6 2. c4 e6 3. Nc3 c5 4. d5 exd5 5. cxd5 d6 6. Nf3 g6 7. e4 a6 8. Bg5 Bg7 9. Bd3 Bg4 10. h3 Bxf3 11. Qxf3 Nbd7 12. Qe3 b5 13. O-O O-O 14. f4 h6 15. Bh4 Nxd5 16. Bxd8 Nxe3 17. Be7 Rfe8 18. Bxd6 Nxf1 19. Kxf1 c4 20. Bc2 Rad8 21. e5 Bf8 22. Ne4 Bxd6 23. Nxd6 Re7 24. Rd1 Nc5 25. Rd5 Nb7 26. a4 Nxd6 27. exd6 Red7 28. axb5 axb5 29. Rxb5 Rxd6 30. Rc5 Rd4 31. g3 Rb8 32. Ke2 Rbd8 33. Ke3 Kg7 34. h4 Rd2 35. Rxc4 Rg2 36. Kf3 Rdd2 37. Be4 Rxb2 38. f5 gxf5 39. Bxf5 Rgf2+ 40. Kg4 Rb3 41. Be4 Re2 42. Bf3 Ree3 43. Bd5 Rxg3+ 44. Kf4 h5 45. Rc7 Rg4+ 46. Ke5 Re3+ 47. Kd6 Rf4 48. Ra7 Rh3 49. Ke5 Rhxh4 50. Ra1 Rf6 51. Rg1+ Rg4 52. Rh1 Rg5+ 53. Ke4 Rff5 54. Bc4 Kf6 55. Be2 Rg4+ 56. Ke3 Re5+ 57. Kd3 Rgg5 58. Rf1+ Kg6 59. Rh1 Rd5+ 60. Kc3 f5 61. Bc4 Rg3+ 62. Kb4 Rd4 63. Kc5 Re4 64. Bd5 Rf4 65. Kd6 Kg5 66. Bf7 h4 67. Ra1 Rd3+ 68. Kc5 h3 69. Rg1+ Rg4 70. Rh1 Kh4 71. Be6 Rf3 72. Kd5 Kg3 73. Ke5 h2 74. Bxf5 Rg5 75. Ke4 Rgxf5 76. Rc1 h1=Q 77. Rxh1 R3f4+ 78. Ke3 Kg2 79. Rh8 Rf2 80. Rg8+ Kf1 81. Ra8 R5f3+ 82. Ke4 Rc3 83. Ra1+ Kg2 84. Ra8 Rb2 85. Kd4 Rf3 86. Rg8+ Kf2 87. Ra8 Rb4+ 88. Kc5 Rh4 89. Ra2+ Kg3 90. Ra8 Rf5+ 91. Kd6 Rh6+ 92. Ke7 Rb5 93. Ra3+ Kf4 94. Ra4+ Ke5 95. Kf7 Rb7+ 96. Kg8 Rc6 97. Ra5+ Kd6 98. Ra8 Kc7 99. Ra1 Kb8 0-1


[Site "https://www.chess.com"]

[Event "Titled Tuesday Blitz April 4 Late 2023"]
[White "Loiacono, Antonio"]
[Black "Cuenca Jimenez, Jose Fernando"]
[WhiteFideId "895415"]
[BlackFideId "2255570"]
[WhiteElo "2257"]
[BlackElo "2429"]
[Result "0-1"]
[Round "08"]
[TimeControl "180+2"]
[Date "2023.04.04"]
[WhiteClock "0:00:13"]
[BlackClock "0:00:03"]

1. e4 d6 2. d4 Nf6 3. Nc3 e5 4. dxe5 dxe5 5. Qxd8+ Kxd8 6. Bc4 Bb4 7. f3 Bxc3+ 8. bxc3 Be6 9. Bxe6 fxe6 10. Be3 a5 11. Ne2 Nbd7 12. Rb1 Kc8 13. Nc1 Ne8 14. Nd3 Nd6 15. Bf2 Nc4 16. Ke2 Ra6 17. Bg3 Rc6 18. Rb5 b6 19. Rd1 Nd6 20. Rb3 a4 21. Rb2 Rxc3 22. Nxe5 a3 23. Rb3 Rxc2+ 24. Kf1 Nxe5 25. Bxe5 Nc4 26. Bg3 Nd2+ 27. Rxd2 Rxd2 28. Rxa3 Kb7 29. Be5 Ra8 30. Rc3 c5 31. Bf4 Rd7 32. a3 Kc6 33. h4 g6 34. Kg1 Rf7 35. g3 Rfa7 36. Bc1 b5 37. Be3 c4 38. Bxa7 Rxa7 39. Kf2 Kc5 40. Ke3 b4 41. axb4+ Kxb4 42. Rc1 c3 43. Kd3 Rd7+ 44. Ke3 Kb3 45. Ra1 c2 46. f4 Kb2 47. Re1 Rd1 48. Re2 Kb1 49. Rxc2 Kxc2 50. g4 Kc3 51. f5 exf5 52. exf5 gxf5 53. gxf5 Kc4 54. Ke4 Kc5 55. Ke5 Re1+ 56. Kf6 Kd6 57. Kg7 Rg1+ 58. Kxh7 Ke5 59. h5 Kxf5 60. h6 Kf6 61. Kh8 Ra1 62. Kh7 Kf7 63. Kh8 Ra3 64. Kh7 Ra6 65. Kh8 Rxh6# 0-1


[Site "https://www.chess.com"]

[Event "Titled Tuesday Blitz April 4 Late 2023"]
[White "Escanor89"]
[Black "Annaberdiyev, Meylis"]
[BlackFideId "14000563"]
[WhiteElo "2535"]
[BlackElo "2416"]
[Result "0-1"]
[Round "08"]
[TimeControl "180+2"]
[Date "2023.04.04"]
[WhiteClock "0:00:02"]
[BlackClock "0:00:25"]

1. c4 e5 2. Nc3 Nc6 3. Nf3 f5 4. d4 e4 5. Bg5 Nf6 6. Nd2 Bb4 7. Ndb1 h6 8. Bxf6 Qxf6 9. e3 O-O 10. a3 Bxc3+ 11. Nxc3 Ne7 12. g3 d6 13. Be2 Be6 14. h4 Rad8 15. Qc2 c5 16. d5 Bd7 17. a4 Ng6 18. O-O-O Ne5 19. h5 a6 20. Rh4 Ra8 21. Rf4 Qe7 22. Qb3 Rab8 23. Qb6 Rf6 24. Rd2 Qd8 25. Qxd8+ Rxd8 26. b3 Be8 27. Kc2 Nd3 28. Bxd3 exd3+ 29. Rxd3 Bxh5 30. Rh4 Bf3 31. Rd2 g5 32. Rh2 Re8 33. Kb2 Kg7 34. Ne2 Bxe2 35. Rxe2 Kg6 36. Kc2 h5 37. Kd2 Rh8 38. Re1 h4 39. Rg1 h3 40. f3 g4 41. Ke2 Re8 42. Rf2 Rf7 43. Re1 b5 44. axb5 axb5 45. cxb5 Rb7 46. fxg4 fxg4 47. Rf4 Kg5 48. Ref1 Rg8 49. Rf5+ Kh6 50. Rf6+ Rg6 51. Rf8 Rxb5 52. R1f7 Rxb3 53. Rh8+ Kg5 54. e4 Rf3 55. Rxf3 gxf3+ 56. Kxf3 Rf6+ 57. Ke3 Rh6 58. Rg8+ Kf6 59. g4 Kf7 60. Ra8 h2 0-1


[Site "https://www.chess.com"]

[Event "Titled Tuesday Blitz April 4 Late 2023"]
[White "Gegenfurtner, Juergen"]
[Black "Petrovic, Aleksa"]
[WhiteFideId "24632147"]
[BlackFideId "967629"]
[WhiteElo "2398"]
[BlackElo "2309"]
[Result "1-0"]
[Round "08"]
[TimeControl "180+2"]
[Date "2023.04.04"]
[WhiteClock "0:00:26"]
[BlackClock "0:00:41"]

1. d4 Nf6 2. c4 e6 3. Nf3 b6 4. g3 Ba6 5. b3 d5 6. cxd5 exd5 7. Bg2 Bd6 8. O-O O-O 9. Bf4 Re8 10. Re1 Bb4 11. Bd2 Bd6 12. Bf4 Bb4 13. Bd2 Bd6 14. Nc3 Nbd7 15. Rc1 Qe7 16. Nh4 Qe6 17. e4 Ba3 18. Nxd5 Bxc1 19. Nxc7 Qc6 20. Qxc1 Qxc1 21. Bxc1 Bb7 22. f3 Nd5 23. Nxa8 Bxa8 24. Bd2 Ne7 25. Rc1 Nc6 26. d5 Nce5 27. Bf1 Nc5 28. Be3 Ncd3 29. Bxd3 Nxd3 30. Rc7 Bxd5 31. Rd7 Nb4 32. exd5 1-0


[Site "https://www.chess.com"]

[Event "Titled Tuesday Blitz April 4 Late 2023"]
[White "Becerra, Juan David"]
[Black "Vlassov, Nikolai"]
[WhiteFideId "4404998"]
[BlackFideId "4103360"]
[WhiteElo "2276"]
[BlackElo "2324"]
[Result "1-0"]
[Round "08"]
[TimeControl "180+2"]
[Date "2023.04.04"]
[WhiteClock "0:01:06"]
[BlackClock "0:00:02"]

1. e4 c5 2. d4 cxd4 3. c3 Nf6 4. e5 Nd5 5. cxd4 d6 6. f4 Bf5 7. a3 e6 8. Nc3 Nc6 9. Nf3 Be7 10. Bd3 Bxd3 11. Qxd3 Rc8 12. Nxd5 exd5 13. O-O Qb6 14. Kh1 Qa6 15. Qd1 Na5 16. b4 Nc4 17. f5 Qc6 18. f6 gxf6 19. exf6 Bxf6 20. Ng5 Be7 21. Nxf7 Rf8 22. Qh5 Kd7 23. Bg5 Bxg5 24. Nxg5 Kc7 25. Ne6+ Kb6 26. Rxf8 Rxf8 27. Nxf8 Ne3 28. Qf3 Qc3 29. Rg1 Qxd4 30. Ne6 Qe5 31. Nf4 d4 32. a4 a5 33. bxa5+ Kxa5 34. Rb1 1-0


[Site "https://www.chess.com"]